AoeStats
← darador86

MegaRandom

508778644Analyzed
4v4 RM · 10d ago on Sep 24, 2026· 55m 14s· 8 players
Game mode
Random Map
Map size
Large (8 player)
Population
200
Speed
Normal
Resources
Standard
Victory
Conquest
Starting age
Dark Age
Ending age
Imperial Age
RankedLock teamsTeams togetherTeam positionsShared explorationLock speedFull tech treeHidden civsTurbo modeCheats
Victory
Defeat
🇺🇸 Chinese · United States
1257
+3
🇩🇪 Huns · Germany
916
+11
🇺🇸 Danes · United States
895
+22
🇺🇸 Spanish · United States
457
+26
🇦🇷 Spanish · Argentina
874
-16
🇦🇷 Vikings · Argentina
823
-14
🇺🇸 Mongols · United States
791
-12
🇦🇷 Huns · Argentina
714
-9
BOANERGES
1:54 Loom
9:32 Feudal Age
17:21 Castle Age
17:34 Double-Bit Axe
17:31 Horse Collar
17:43 Gold Mining
17:45 Stone Mining
31:58 Imperial Age
33:51 Chemistry
32:48 Murder Holes
38:12 Fletching
40:45 Bodkin Arrow
42:40 Bracer
darador86
11:59 Feudal Age
15:14 Man-at-Arms
18:22 Bloodlines
21:48 Horse Collar
21:55 Double-Bit Axe
ReyEmperador
0:49 Loom
8:38 Feudal Age
12:09 Double-Bit Axe
12:50 Town Watch
12:54 Horse Collar
13:07 Gold Mining
15:35 Man-at-Arms
20:19 Castle Age
19:30 Stone Mining
22:10 Forging
22:02 Scale Mail Armor
22:47 Squires
22:33 Arson
27:48 Caravan
30:30 Iron Casting
30:10 Chain Mail Armor
45:49 Chain Mail Armor
VersedSeal9311
1:00 Loom
11:24 Feudal Age
17:16 Castle Age
16:10 Double-Bit Axe
17:06 Horse Collar
23:57 Forging
26:10 Wheelbarrow
26:39 Heavy Plow
27:12 Caravan
27:18 Gold Mining
27:18 Stone Mining
28:07 Fletching
29:25 Hand Cart
30:48 Bodkin Arrow
31:15 Ballistics
31:52 Bloodlines
31:43 Husbandry
31:51 Scale Barding Armor
34:01 Iron Casting
32:51 Elite Skirmisher
37:51 Gold Shaft Mining
39:25 Bow Saw
43:40 Imperial Age
42:26 Murder Holes
42:43 Masonry
42:44 Fortified Wall
45:24 Blast Furnace
44:46 Chain Barding Armor
43:48 Cavalier
45:03 Conscription
46:38 Thumb Ring
46:42 Siege Engineers
46:02 Light Cavalry
47:02 Bracer
47:04 Padded Archer Armor
48:40 Leather Archer Armor
52:56 Hussar
The Looinrims
0:30 Loom
8:56 Feudal Age
9:22 Double-Bit Axe
9:39 Man-at-Arms
18:53 Castle Age
17:11 Horse Collar
17:57 Scale Barding Armor
18:03 Forging
18:30 Bloodlines
20:00 Chain Barding Armor
21:02 Husbandry
24:04 Bow Saw
25:30 Fletching
26:14 Bodkin Arrow
25:47 Crossbowman
26:30 Gold Mining
29:21 Thumb Ring
30:29 Wheelbarrow
30:50 Ballistics
34:26 Heavy Plow
37:46 Imperial Age
36:47 Hand Cart
36:48 Scale Mail Armor
36:48 Padded Archer Armor
36:57 Stone Mining
37:53 Masonry
38:28 Bracer
37:51 Arbalester
39:35 Chemistry
42:01 Coinage
42:24 Leather Archer Armor
46:11 Conscription
47:08 Banking
47:30 Light Cavalry
48:48 Ring Archer Armor
48:54 Plate Barding Armor
48:56 Iron Casting
49:24 Heavy Rocket Cart
Rectangular Businessman
4:22 Loom
9:12 Feudal Age
10:37 Double-Bit Axe
16:19 Castle Age
14:22 Horse Collar
17:18 Gambesons
17:34 Squires
17:20 Arson
19:22 Stone Mining
20:39 Bow Saw
22:13 Gold Mining
25:19 Forging
25:10 Scale Mail Armor
27:05 Iron Casting
27:52 Chain Mail Armor
40:53 Murder Holes
RustBin
9:50 Feudal Age
10:20 Double-Bit Axe
10:18 Horse Collar
18:34 Gold Mining
18:35 Stone Mining
19:02 Forging
18:58 Scale Barding Armor
23:25 Castle Age
23:52 Bloodlines
24:48 Wheelbarrow
23:59 Town Watch
24:00 Loom
26:10 Heavy Plow
26:26 Bow Saw
27:49 Stone Shaft Mining
27:37 Chain Barding Armor
30:27 Hand Cart
30:13 Town Patrol
37:47 Imperial Age
40:23 Conscription
39:29 Light Cavalry
40:51 Ballistics
40:40 Husbandry
44:08 Elite Conquistador
46:04 Inquisition
46:27 Supremacy
46:52 Hoardings
47:40 Plate Barding Armor
47:41 Iron Casting
46:57 Fletching
47:08 Padded Archer Armor
48:11 Arson
48:27 Squires
47:48 Pikeman
47:54 Hussar
50:39 Chemistry
Saul Longbowman
8:28 Loom
10:29 Feudal Age
12:08 Double-Bit Axe
12:47 Horse Collar
17:41 Castle Age
15:43 Fletching
16:43 Bloodlines
18:54 Husbandry
19:10 Bodkin Arrow
20:36 Thumb Ring
22:59 Padded Archer Armor
23:15 Bow Saw
24:56 Wheelbarrow
40:12 Imperial Age
41:28 Ballistics
41:55 Parthian Tactics
41:49 Hand Cart
43:42 Chemistry
43:25 Gold Mining
45:15 Two-Man Saw
47:17 Forging
47:07 Bracer
47:26 Leather Archer Armor
52:25 Two-Man Saw
54:11 Elite Skirmisher
Connection lost

Rejoining the realm…

Still unreachable

The connection could not be restored.

Session expired

The server has moved on; the page needs a fresh start.